Map: [ESL] Royal Blood

Players

Spirit - Winner!

  • Race: Terran Terran

Zoun

  • Race: Protoss Protoss

Event: IEM Katowice 2023

VOD

Have the link to the VOD?

Description

Time

  • Played on: Feb. 8, 2023, 5:13 p.m.
  • Length: 8:26

All games in this series

Show
View Real Time Build Order
Export as new Build Order

Spirit Terran - Winner!

Build Orders:  

Get SALT Encoding   

  12  0:00  SCV  
  13  0:12  SCV  
  14  0:17  Supply Depot  
  14  0:24  SCV  
  15  0:38  SCV  
  15  0:39  Barracks  
  16  0:50  SCV  
  16  0:53  Refinery  
  17  1:02  SCV  
  18  1:09  Engineering Bay  
  18  1:14  SCV  
  18  1:27  Marine, Orbital Command  
  19  1:46  Barracks Reactor  
  19  1:49  Command Center  
  19  1:53  SCV  
  20  2:00  Supply Depot  
  20  2:05  SCV  
  21  2:17  SCV  
  21  2:19  Factory  
  22  2:22  Marine  
  22  2:23  Marine  
  22  2:28  Refinery  
  22  2:29  SCV  
  25  2:40  Marine x2  
  25  2:41  SCV  
  28  2:53  SCV  
  29  3:02  Orbital Command  
  29  3:03  Starport  
  29  3:06  SCV  
  29  3:11  Hellion x2  
  34  3:18  SCV  
  35  3:21  Supply Depot  
  35  3:28  SCV  
  35  3:30  SCV  
  35  3:32  Widow Mine x2  
  41  3:39  Medivac  
  43  3:42  Armory  
  43  3:43  SCV  
  43  3:44  SCV  
  45  3:53  Widow Mine  
  45  3:54  Widow Mine  
  45  3:55  SCV  
  50  3:59  SCV  
  44  4:07  SCV  
  44  4:08  Barracks Tech Lab  
  43  4:10  Bunker  
  43  4:11  SCV  
  43  4:13  Medivac  
  46  4:18  Widow Mine  
  46  4:19  SCV  
  46  4:21  Supply Depot  
  46  4:22  Widow Mine  
  46  4:23  SCV, Supply Depot  
  52  4:30  Marauder  
  54  4:35  Barracks  
  54  4:42  SCV x2  
  54  4:43  Widow Mine  
  58  4:50  Widow Mine  
  60  4:54  SCV x2  
  60  4:58  Medivac  
  62  5:01  Engineering Bay, Barracks, Refinery  
  62  5:03  Supply Depot, Refinery  
  62  5:06  SCV x2  
  62  5:07  Widow Mine  
  64  5:11  Widow Mine  
  64  5:19  SCV x2  
  64  5:22  Stimpack  
  62  5:31  SCV, Command Center  
  63  5:36  SCV, Starport Reactor  
  63  5:41  Supply Depot  
  63  5:42  Supply Depot  
  64  5:43  Marine, SCV  
  64  5:44  Marauder  
  64  5:48  Factory Reactor, SCV  
  64  5:49  Barracks Tech Lab  
  69  5:55  Marine  
  70  6:01  Marine, SCV  
  70  6:03  SCV  
  71  6:05  Marauder  
  71  6:11  Marauder  
  73  6:13  Marine, SCV  
  76  6:19  Marine  
  76  6:23  Terran Infantry Weapons Level 1, Barracks  
  76  6:25  Barracks  
  70  6:26  Marine, Engineering Bay, Combat Shield  
  70  6:29  SCV x2  
  70  6:30  Marine  
  70  6:32  Marauder  
  74  6:36  Medivac x2  
  74  6:37  Marine  
  79  6:43  Missile Turret  
  79  6:44  Marauder, SCV  
  82  6:50  SCV, Supply Depot  
  82  6:52  Marine, Widow Mine x2  
  88  6:56  SCV  
  88  6:58  Marine  
  88  6:59  Marauder  
  89  7:01  Concussive Shells  
  89  7:02  SCV  
  90  7:11  SCV  
  90  7:13  Widow Mine x2  
  90  7:15  Orbital Command  
  94  7:16  SCV  
  94  7:17  Medivac x2  
  99  7:23  Barracks Tech Lab, SCV, Barracks Reactor  
  99  7:25  Marine  
  99  7:28  SCV  
  99  7:29  Marauder  
  104  7:31  Marauder  
  104  7:33  Marine  
  104  7:35  SCV, Widow Mine  
  106  7:39  Ghost Academy  
  106  7:40  SCV  
  106  7:42  SCV  
  108  7:44  Marine  
  108  7:47  SCV  
  108  7:50  Marine  
  111  7:52  Marine, SCV  
  111  7:53  Marine  
  111  7:54  Marauder, SCV  
  115  7:59  Marine, SCV  
  115  8:01  Marine  
  115  8:02  Marine  
  115  8:04  SCV  
  114  8:06  SCV  
  114  8:07  Marine  
  114  8:11  SCV  
Show
View Real Time Build Order
Export as new Build Order

Zoun Protoss 

Build Orders: 1 Gate Expand, Oracle Opening, Phoenix Opening 

Get SALT Encoding   

  12  0:00  Probe  
  13  0:12  Probe  
  14  0:17  Pylon  
  14  0:24  Probe (Chrono Boost)  
  15  0:36  Probe (Chrono Boost)  
  15  0:37  Gateway  
  16  0:44  Probe (Chrono Boost)  
  16  0:45  Assimilator  
  17  0:51  Probe  
  18  1:03  Probe  
  19  1:15  Probe  
  20  1:29  Cybernetics Core  
  20  1:39  Nexus  
  20  1:45  Pylon  
  20  1:48  Probe  
  21  1:55  Assimilator  
  21  2:00  Probe  
  22  2:02  Adept (Chrono Boost)  
  24  2:13  Probe  
  25  2:22  Adept (Chrono Boost)  
  25  2:25  Probe  
  28  2:31  Stargate  
  28  2:37  Probe  
  28  2:41  Warp Gate  
  29  2:46  Adept  
  33  2:51  Probe x2 (Chrono Boost)  
  31  3:03  Probe (Chrono Boost)  
  33  3:08  Probe (Chrono Boost)  
  33  3:10  Probe (Chrono Boost)  
  33  3:11  Oracle (Chrono Boost)  
  34  3:14  Probe  
  34  3:17  Probe  
  34  3:18  Adept  
  41  3:27  Probe  
  42  3:29  Probe  
  42  3:32  Pylon  
  42  3:33  Gateway  
  43  3:39  Probe  
  44  3:41  Shield Battery  
  44  3:44  Phoenix  
  46  3:50  Probe  
  45  3:56  Probe  
  45  4:01  Robotics Facility  
  45  4:02  Probe  
  43  4:08  Probe (Chrono Boost)  
  43  4:11  Assimilator  
  43  4:14  Probe (Chrono Boost), Phoenix  
  46  4:18  Assimilator  
  46  4:20  Probe (Chrono Boost)  
  48  4:24  Probe (Chrono Boost)  
  48  4:26  Probe (Chrono Boost)  
  48  4:27  Pylon  
  48  4:29  Probe (Chrono Boost), Adept  
  52  4:34  Probe  
  53  4:40  Probe  
  54  4:47  Probe  
  54  4:52  Probe  
  47  4:59  Probe  
  47  5:00  Stalker  
  47  5:01  Observer  
  47  5:04  Probe  
  51  5:08  Stalker  
  51  5:10  Phoenix  
  51  5:11  Probe (Chrono Boost)  
  56  5:19  Probe (Chrono Boost)  
  52  5:23  Probe (Chrono Boost)  
  54  5:29  Probe (Chrono Boost)  
  54  5:31  Probe (Chrono Boost)  
  54  5:34  Probe (Chrono Boost)  
  55  5:38  Probe  
  55  5:39  Robotics Bay  
  57  5:45  Probe  
  57  5:48  Phoenix  
  60  5:50  Probe  
  60  5:52  Observer  
  62  6:03  Probe  
  58  6:06  Probe  
  56  6:15  Probe  
  57  6:18  Probe  
  58  6:28  Probe  
  58  6:30  Probe  
  58  6:31  Nexus  
  60  6:41  Pylon  
  60  6:46  Phoenix  
  62  6:50  Observer  
  62  6:59  Probe x2 (Chrono Boost)  
  66  7:09  Probe x2 (Chrono Boost)  
  66  7:12  Pylon  
  66  7:14  Probe x2 (Chrono Boost), Observer  
  68  7:25  Probe  
  68  7:27  Colossus (Chrono Boost)  
  69  7:30  Pylon  
  75  7:40  Shield Battery, Sentry  
  77  7:44  Stalker  
  73  7:52  Probe  
  70  8:08  Probe  
  70  8:10  Zealot x2  
  75  8:13  Probe  
  75  8:14  Robotics Bay  

Tags
 
Add a new tag
Caveats
  • Supply blocks, unpowered buildings, or Contaminate may cause inaccurate times.
  • Supply counts are checked every 10 seconds.